 Dungeon Crawl Stone Soup version 0.23-a0-207-g93a313e (webtiles) character file.

23965 4thArraOfDagon the Basher (level 12, -1/94 HPs)
             Began as a Mummy Warper on Sept 24, 2018.
             Was a Priest of Ashenzari.
             Slain by an ettin
             ... wielding a +0 dire flail
              (48 damage)
             ... on level 2 of the Orcish Mines.
             The game lasted 00:48:49 (19055 turns).

4thArraOfDagon the Basher (Mummy Warper)           Turns: 19055, Time: 00:48:50

Health: -1/94      AC:  7    Str: 15    XL:     12   Next: 76%
Magic:  16/16      EV: 14    Int: 17    God:    Ashenzari [***...]
Gold:   1207       SH:  4    Dex: 11    Spells: 6/17 levels left

rFire    + . .     SeeInvis +   t - +5 flail (protect)
rCold    + . .     Gourm    .   z - +0 buckler
rNeg     + + +     Faith    .   n - +1 ring mail {rF+}
rPois    ∞         Spirit   .   (no helmet)
rElec    .         Reflect  .   (no cloak)
rCorr    .         Harm     .   (no gloves)
MR       +....                  (no boots)
Stlth    +.........             (no amulet)
HPRegen  0.25/turn              h - ring of wizardry
MPRegen  0.15/turn              K - ring of protection from fire

@: no status effects
A: no food or potions, fire vulnerability, cold resistance 1, negative energy
resistance 3, torment resistance, unbreathing
a: Curse Item, Scrying, Renounce Religion


You were on level 2 of the Orcish Mines.
You worshipped Ashenzari.
Ashenzari was most pleased with you.
You were not hungry.

You visited 2 branches of the dungeon, and saw 17 of its levels.
You also visited: Labyrinth and Sewer.

You collected 1207 gold pieces.

Inventory:

Hand Weapons
 a - a +0 mace
 c - a +0 dagger of venom
 t - a +5 flail of protection (weapon)
 y - a +0 whip of freezing
Missiles
 e - 4 tomahawks of dispersal (quivered)
 j - 4 tomahawks
 B - a throwing net
 M - 7 curare-tipped needles
Armour
 b - a +0 leather armour
 i - a +0 ring mail
 n - a +1 ring mail of fire resistance (worn)
 z - a +0 buckler (worn)
 F - the +2 robe "Moikiow" {rF+}
   (You found it on level 11 of the Dungeon)

   It protects you from fire.
Magical Staves
 q - an uncursed staff of conjuration {!a}
 C - a cursed staff of poison
Jewellery
 h - a ring of wizardry (left hand)
 K - a ring of protection from fire (right hand)
Wands
 o - a wand of digging (5)
 r - a wand of paralysis (1)
 x - a wand of disintegration (10)
 D - a wand of random effects (27)
 G - a wand of iceblast (6)
Scrolls
 f - 3 scrolls of teleportation
 g - 6 scrolls of remove curse
 k - 3 scrolls of immolation
 l - 5 scrolls of fog {unknown}
 m - 2 scrolls of fear {unknown}
 p - 3 scrolls of magic mapping
 s - 6 scrolls of identify {unknown}
 u - 2 scrolls of torment {unknown}
 w - a scroll of noise {unknown}
 A - 3 scrolls of amnesia {unknown}
 E - a scroll of enchant weapon {unknown}
 H - 2 scrolls of vulnerability
 I - a scroll of summoning {unknown}
Miscellaneous
 L - a lamp of fire (inert)


   Skills:
 + Level 8.4 Fighting
 + Level 12.1 Maces & Flails
 - Level 0.7 Throwing
 + Level 7.2 Armour
 + Level 7.1 Dodging
 - Level 4.0 Shields
 - Level 3.0 Spellcasting
 - Level 4.3 Translocations
 - Level 3.0 Evocations


You had 6 spell levels left.
You knew the following spells:

 Your Spells              Type           Power        Failure   Level  Hunger
a - Blink                 Tloc           N/A          3%          2    N/A
b - Shroud of Golubria    Chrm/Tloc      ##........   8%          2    N/A
c - Lesser Beckoning      Tloc           ###.......   6%          3    N/A
d - Passage of Golubria   Tloc           N/A          21%         4    N/A

Your spell library contained the following spells:

 Spells                   Type           Power        Failure   Level  Hunger
 Gell's Gravitas          Tloc           ###.......   6%          3    N/A
 Teleport Other           Tloc           ###.....     6%          3    N/A
 Confusing Touch          Hex            #.....       12%         1    N/A
 Confuse                  Hex            #.......     34%         3    N/A
 Petrify                  Tmut/Erth      #.......     73%         4    N/A
 Summon Lightning Spire   Summ/Air       #.......     73%         4    N/A
 Throw Icicle             Conj/Ice       #.......     73%         4    N/A
 Dispersal                Tloc           ###.......   95%         6    N/A
 Metabolic Englaciation   Hex/Ice        #.........   96%         5    N/A
 Silence                  Hex/Air        #.........   96%         5    N/A
 Yara's Violent Unravell  Hex/Tmut       #.........   96%         5    N/A
 Conjure Ball Lightning   Conj/Air       #.........   100%        6    N/A
 Deflect Missiles         Chrm/Air       #.........   100%        6    N/A
 Tornado                  Air            #.........   100%        9    N/A

Dungeon Overview and Level Annotations

Branches:
Dungeon (15/15)            Temple (0/1) D:4            Lair (0/6) D:9
    Orc (2/2) D:9             Elf (0/3) Orc:2        Depths (0/5) D:15
 Vaults: D:13-14

Altars:
Ashenzari
Elyvilon
Makhleb
Okawaru
Qazlal
Sif Muna
Trog
Uskayaw
Xom
Yredelemnul
Zin

Shops:
D:14 :

Annotations:
D:7 3 runed doors, vogonpoet's ghost, novice SpNe
D:9 Erolcha
D:10 Josephine
D:11 exclusion: upstairs
D:12 exclusion: downstairs
D:14 Snorg


Innate Abilities, Weirdness & Mutations

You do not eat or drink.
Your flesh is vulnerable to fire.
You are immune to poison.
Your flesh is cold resistant. (rC+)
You are immune to negative energy. (rN+++)
You are immune to unholy pain and torment.
You can survive without breathing.


Message History

Aim: an ettin, wielding two dire flails (moderately wounded)
The bolt of acid misses the ettin.
Unknown command.
Evoke which item? (* to show all) (? for menu, Esc to quit)
Aiming: Corrosive Bolt
Press: ? - help, Shift-Dir - straight line, f/p - ettin
Aim: an ettin, wielding two dire flails (moderately wounded)
The bolt of acid hits the ettin.
The ettin is splashed with acid.
The ettin is heavily wounded.
Unknown command.
Evoke which item? (* to show all) (? for menu, Esc to quit)
Aiming: Corrosive Bolt
Press: ? - help, Shift-Dir - straight line, f/p - ettin
Aim: an ettin, wielding two dire flails (heavily wounded)
The bolt of acid hits the ettin.
The ettin is splashed with acid.
The ettin is severely wounded.
The now-empty wand crumbles to dust.
The ettin hits you with a dire flail!! The ettin hits you with a dire flail!!!
Ouch! That really hurt!
You die...

#......#.##.###.......*
##......)....###..##.##
##....#.##.## #### ##
###.[(## *# ##.)###
##..)#.## *## #.......#
*.## ##..##).## ..## *
#####.@.##...#### , *
##.C.......... *
#.............
##......#....
###.....$.... , ,
##......... ,
#.......#. , #......#.#
, *......#...


You could see an ettin.

Vanquished Creatures
  An ettin (Orc:2)
  4 two-headed ogres
  A deep troll (Orc:2)
  2 unseen horrors
  Pikel (D:6)
  An orc knight (Orc:1)
  2 ugly things
  An orc sorcerer (Orc:2)
  A manticore (D:15)
  2 cyclopes
  2 centaur skeletons
  A rime drake (D:10)
  5 trolls
  5 slime creatures
  5 hippogriffs
  A fire bat (D:9)
  4 wraiths
  7 humans (D:14)
  A wyvern (D:10)
  Eustachio (D:6)
  A steam dragon (Lab)
  4 vampire mosquitoes
  Edmund (D:6)
  2 wargs
  A porcupine (D:10)
  Duvessa (D:7)
  9 orc warriors
  2 sky beasts
  A slave (D:6)
  Purgy (D:4)
  A black bear (D:7)
  5 ice beasts
  A necrophage (D:10)
  2 phantoms
  19 ogres
  A boggart (D:12)
  16 centaurs
  2 crocodiles
  A big kobold (D:9)
  9 bullfrogs
  A wyvern zombie (D:13)
  2 water moccasin zombies (D:10)
  Dowan (D:7)
  A water moccasin skeleton (D:7)
  3 killer bees (Lab)
  5 wights (D:9)
  A howler monkey (D:6)
  2 vampire bats (D:9)
  7 crimson imps
  3 bullfrog zombies
  2 quasits
  3 centaur zombies
  2 hounds
  9 orc priests
  2 jellies
  20 orc wizards
  4 bullfrog skeletons
  5 iguanas
  8 worker ants
  A killer bee zombie (D:6)
  3 gnolls (D:6)
  A howler monkey skeleton (D:5)
  7 adders
  3 shadow imps
  2 adder zombies
  2 adder skeletons
  4 worms
  A dart slug (D:1)
  2 leopard geckos
  68 orcs
  2 ball pythons
  2 giant cockroaches
  4 goblins
  11 hobgoblins
  12 jackals
  2 quokkas
  A ball python zombie (D:5)
  12 bats
  10 frilled lizards
  2 jackal skeletons (D:7)
  9 kobolds
  A leopard gecko skeleton (D:8)
  A quokka skeleton (D:6)
  A quokka zombie (D:8)
  11 rats
384 creatures vanquished.

Vanquished Creatures (others)
  A slave (D:7)
1 creature vanquished.

Grand Total: 385 creatures vanquished

Notes
Turn   | Place    | Note
-------+----------+-------------------------------------------
     0 | D:1      | 4thArraOfDagon the Mummy Warper began the quest for the
                  | Orb.
     0 | D:1      | Reached XP level 1. HP: 16/16 MP: 4/4
     0 | D:1      | lets just win, ok?
     3 | D:1      | Noticed an electric eel
     4 | D:1      | Noticed an electric eel
   220 | D:1      | Found a shattered altar of Ashenzari.
   230 | D:1      | Became a worshipper of Ashenzari the Shackled
   259 | D:1      | Reached skill level 2 in Maces & Flails
   415 | D:1      | Reached XP level 2. HP: 19/22 MP: 5/5
   476 | D:1      | Reached skill level 1 in Armour
   574 | D:1      | Learned a level 2 spell: Blink
   580 | D:1      | Learned a level 2 spell: Shroud of Golubria
   995 | D:2      | Reached XP level 3. HP: 25/27 MP: 7/7
  1044 | D:2      | Learned a level 3 spell: Lesser Beckoning
  1347 | D:2      | Reached skill level 3 in Maces & Flails
  1721 | D:3      | Reached XP level 4. HP: 12/33 MP: 5/8
  2068 | D:3      | Found a burning altar of Makhleb.
  2252 | D:3      | Found a white marble altar of Elyvilon.
  2508 | D:3      | Reached * piety under Ashenzari
  2517 | D:3      | Reached XP level 5. HP: 34/38 MP: 9/9
  2792 | D:4      | Found a bloodstained altar of Trog.
  2819 | D:4      | Noticed an ogre
  2841 | D:4      | Noticed an ogre
  2913 | D:5      | Entered Level 5 of the Dungeon
  3028 | D:5      | Reached skill level 4 in Maces & Flails
  3172 | D:5      | Reached XP level 6. HP: 34/44 MP: 10/10
  3207 | D:5      | Found a glowing drain.
  3245 | Sewer    | Entered a sewer
  3334 | Sewer    | Learned a level 4 spell: Passage of Golubria
  3479 | Sewer    | Reached skill level 5 in Maces & Flails
  4104 | D:5      | Found a glowing silver altar of Zin.
  4181 | D:6      | Reached XP level 7. HP: 23/50 MP: 6/11
  4367 | D:6      | Reached skill level 6 in Maces & Flails
  4408 | D:6      | Noticed Eustachio
  4456 | D:6      | Killed Eustachio
  4456 | D:6      | Reached skill level 1 in Evocations
  4649 | D:6      | Noticed Edmund
  4667 | D:6      | Killed Edmund
  4777 | D:6      | Reached XP level 8. HP: 42/56 MP: 12/12
  4922 | D:6      | Reached skill level 7 in Maces & Flails
  5590 | D:4      | Found a basalt altar of Yredelemnul.
  5784 | D:4      | Found a staircase to the Ecumenical Temple.
  5784 | D:4      | Noticed Purgy
  5794 | D:4      | Killed Purgy
  5963 | D:4      | Found a hide-covered altar of Uskayaw.
  6167 | D:6      | Found a deep blue altar of Sif Muna.
  6411 | D:6      | Found a stormy altar of Qazlal.
  6527 | D:6      | Reached skill level 8 in Maces & Flails
  6562 | D:7      | Noticed Pikel
  6660 | D:6      | Killed Pikel
  6660 | D:6      | Reached skill level 9 in Maces & Flails
  6660 | D:6      | Reached XP level 9. HP: 43/61 MP: 13/13
  6778 | D:7      | Reached ** piety under Ashenzari
  6822 | D:7      | Found a runed gate.
  6822 | D:7      | Found a runed gate.
  6822 | D:7      | Found a runed gate.
  6822 | D:7      | Noticed vogonpoet's ghost (novice SpNe)
  6965 | D:7      | Noticed Duvessa
  6965 | D:7      | Noticed Dowan
  6971 | D:7      | Killed Dowan
  7255 | D:7      | Killed Duvessa
  7282 | D:7      | Found a shimmering altar of Xom.
  7301 | D:7      | Reached skill level 10 in Maces & Flails
  8082 | D:8      | Reached skill level 1 in Shields
  8103 | D:8      | Noticed a two-headed ogre
  8112 | D:8      | Noticed a two-headed ogre
  8455 | D:9      | Found a staircase to the Orcish Mines.
  8727 | D:9      | Killed a two-headed ogre
  8727 | D:9      | Reached XP level 10. HP: 64/69 MP: 14/14
  8877 | D:9      | Found a staircase to the Lair.
  9079 | D:9      | Noticed Erolcha
  9099 | D:10     | Entered Level 10 of the Dungeon
  9126 | D:10     | Noticed Joseph
  9136 | D:10     | Noticed Joseph
  9136 | D:10     | Joseph changed into Joseph the rime drake
  9139 | D:10     | Killed Joseph the rime drake
  9225 | D:10     | Killed a two-headed ogre
  9469 | D:10     | Noticed Josephine
  9744 | D:11     | Got the uncursed robe "Moikiow" {rF+}
  9868 | D:11     | Killed an unseen horror
  9868 | D:11     | Reached skill level 5 in Fighting
  9868 | D:11     | Reached skill level 11 in Maces & Flails
 10177 | D:11     | Reached XP level 11. HP: 70/79 MP: 12/15
 11207 | D:10     | Noticed a two-headed ogre
 11210 | D:10     | Noticed a shock serpent
 11210 | D:10     | a two-headed ogre changed into a shock serpent
 11277 | D:12     | Found a labyrinth entrance.
 11315 | Lab      | Entered a labyrinth
 11358 | Lab      | Reached *** piety under Ashenzari
 11762 | Lab      | Noticed a minotaur
 11832 | Lab      | Identified the Collected Works on the Quantum Snowflakes
 11979 | D:12     | Reached skill level 5 in Armour
 12137 | D:12     | Reached skill level 5 in Dodging
 12274 | D:12     | Noticed a purple ugly thing
 12299 | D:12     | Killed a purple ugly thing
 13457 | D:14     | Noticed Snorg
 13673 | D:15     | Entered Level 15 of the Dungeon
 13929 | D:15     | Noticed an unseen horror
 13940 | D:15     | Killed an unseen horror
 14048 | D:14     | Noticed a five-headed hydra
 14060 | D:15     | Noticed a wolf spider
 14634 | D:14     | Found Toapaheb's Book Emporium.
 14655 | D:14     | Found an iron altar of Okawaru.
 14666 | D:14     | Reached XP level 12. HP: 78/91 MP: 14/16
 14854 | D:14     | Noticed a vault guard
 15379 | D:14     | Noticed a five-headed hydra
 16144 | Orc:1    | Entered Level 1 of the Orcish Mines
 16323 | Orc:2    | Entered Level 2 of the Orcish Mines
 16910 | Orc:1    | Noticed an orc warlord
 17112 | Orc:2    | Found a staircase to the Elven Halls.
 17240 | Orc:2    | Reached **** piety under Ashenzari
 17274 | Orc:2    | Noticed a two-headed ogre
 17299 | Orc:2    | Killed a two-headed ogre
 18020 | Orc:1    | Reached skill level 12 in Maces & Flails
 18420 | Orc:2    | Noticed a two-headed ogre
 18446 | Orc:2    | Killed a two-headed ogre
 18469 | Orc:2    | Noticed an ettin
 18474 | Orc:2    | Killed an ettin
 19046 | Orc:2    | Noticed an ettin
 19055 | Orc:2    | Slain by an ettin

Vault maps used:
D:1:      arrival_aquarium_b, evilmike_ruin_ashenzari
D:2:      first_ration
D:3:      old_standard_altar, nicolae_overflow_crystal_walls, minivault_25,
          nemelex_lonely_heart_becter
D:4:      kennysheep_little_box, kennysheep_mini_moat,
          overflow_temple_1_default, minmay_temple_entry_fiery, uniq_purgy
D:5:      lemuel_coloured_pillars_altar, cheibrodos_sewer_entry_bend
D:6:      nicolae_overflow_hidden_temple, basic_altar, serial_bayou_pond_d,
          uniq_edmund, uniq_eustachio
D:7:      kennysheep_mini, gammafunk_ghost_necromancy, uniq_pikel, uniq_duvessa
D:8:      grunt_ogre_cave
D:9:      lair_entry_dummy, erik_orc_4, roderic_batcave, uniq_erolcha
D:10:     uniq_joseph, uniq_erica, uniq_josephine
D:11:     minmay_misc_feat_pillars
D:12:     lab_entry_generic, minmay_liquid_box
D:14:     grunt_vaults_entry_tiered, okawaru_ov_weapons_minmay, serial_shops,
          shop, uniq_snorg
D:15:     hangedman_depths_entry_try_elsewhere_first, uniq_louise
Orc:1:    orc_temple
Orc:2:    st_orc_open
Lab:      labyrinth_mini_lab, nicolae_lab_blocks, nicolae_lab_stuck,
          nicolae_lab_diamond, labyrinth_skeletal_remains, labyrinth_lava_lair
Sewer:    sewer_co_purgy_island

Skill      XL: |  1  2  3  4  5  6  7  8  9 10 11 12 |
---------------+-------------------------------------+-----
Maces & Flails | 2 3 4 5 6 9 10 11 12 | 12.1
Armour         | 1 2 4 6 7 |  7.2
Dodging        | 2 4 6 7 |  7.1
Spellcasting   | 3 |  3.0
Evocations     | 2 3 |  3.0
Shields        | 3 4 |  4.0
Fighting       | 5 7 8 |  8.4
Translocations | 4 |  4.3
Throwing       | |  0.7

Action                   |  1- 3 |  4- 6 |  7- 9 | 10-12 || total
-------------------------+-------+-------+-------+-------++-------
Melee: Mace              |   180 |   152 |     6 |       ||   338
       Dagger            |       |   110 |    42 |       ||   152
       Flail             |       |       |   262 |  1138 ||  1400
Throw: Tomahawk          |       |     1 |       |       ||     1
 Cast: Shroud of Golubri |     8 |    16 |    19 |    54 ||    97
       Blink             |       |     3 |     1 |     3 ||     7
Evoke: Wand              |       |     1 |     9 |    61 ||    71
       Lamp of fire      |       |       |       |     1 ||     1
  Use: Scroll            |       |     5 |     4 |     6 ||    15
 Stab: Paralysed         |       |       |    17 |     3 ||    20
       Distracted        |       |       |       |     1 ||     1
Armor: Leather armour    |    25 |       |       |       ||    25
       Ring mail         |    38 |    95 |    96 |   389 ||   618
Dodge: Dodged            |   120 |   153 |   150 |   579 ||  1002
Block: Buckler           |       |       |    13 |   234 ||   247

Table legend:
 A = Non-vault XP
 B = Vault XP
 C = Vault XP percentage of total XP
 D = Non-vault monster count
 E = Vault monster count
 F = Vault count percentage of total count
                 A         B        C        D         E       F
            +---------+---------+-------+---------+---------+-------
      Total |   24714 |    9523 |  27.8 |     316 |      67 |  17.5
            +---------+---------+-------+---------+---------+-------
        D:1 |      39 |       0 |   0.0 |      24 |       0 |   0.0
        D:2 |      60 |       0 |   0.0 |      21 |       0 |   0.0
        D:3 |     144 |       0 |   0.0 |      25 |       0 |   0.0
        D:4 |      97 |     132 |  57.6 |       8 |       1 |  11.1
        D:5 |     416 |      15 |   3.5 |      13 |       3 |  18.8
        D:6 |     807 |    1016 |  55.7 |      18 |       3 |  14.3
        D:7 |     713 |     211 |  22.8 |      13 |       2 |  13.3
        D:8 |     675 |     118 |  14.9 |      10 |       1 |   9.1
        D:9 |    2049 |     626 |  23.4 |      21 |      22 |  51.2
       D:10 |    2277 |     789 |  25.7 |      17 |       3 |  15.0
       D:11 |    2889 |     202 |   6.5 |      24 |       1 |   4.0
       D:12 |    3942 |       0 |   0.0 |      40 |       0 |   0.0
       D:13 |    1514 |       0 |   0.0 |      11 |       0 |   0.0
       D:14 |    2544 |    1342 |  34.5 |      18 |       7 |  28.0
       D:15 |    2079 |       0 |   0.0 |       4 |       0 |   0.0
      Orc:1 |    1330 |     121 |   8.3 |      10 |       1 |   9.1
      Orc:2 |    3139 |    4460 |  58.7 |      39 |      13 |  25.0
        Lab |       0 |     368 | 100.0 |       0 |       4 | 100.0
      Sewer |       0 |     123 | 100.0 |       0 |       6 | 100.0
            +---------+---------+-------+---------+---------+-------
